 Dungeon Crawl Stone Soup version 0.29-a0-283-ga02f740833 (webtiles) character file.

Game seed: 3100866370586449794

8313 pokeman the Thaumaturge (level 11, -1/61 HPs)
             Began as a Deep Elf Hedge Wizard on Mar 13, 2022.
             Was a Believer of Vehumet.
             Slain by a salamander mystic
             ... wielding a +0 rapier of flaming
              (7 damage)
             ... in a volcano.
             The game lasted 00:40:01 (11521 turns).

pokeman the Thaumaturge (Deep Elf Hedge Wizard)    Turns: 11521, Time: 00:40:02

Health: -1/61      AC: 14    Str:  7    XL:     11   Next: 8%
Magic:  9/31       EV: 10    Int: 28    God:    Vehumet [**....]
Gold:   461        SH:  0    Dex: 14    Spells: 18/39 levels left

rFire   + . .      SeeInvis .   t - staff of conjuration
rCold   . . .      Faith    .   (no shield)
rNeg    . . .      Spirit   .   m - +9 ring mail of the Maze {rF+ Int+4}
rPois   .          Reflect  .   c - +0 hat
rElec   .          Harm     .   (no cloak)
rCorr   .          Rampage  .   (no gloves)
Will    +....                   (no boots)
Stlth   ++........              (no amulet)
HPRegen 0.20/turn               H - ring of wizardry
MPRegen 0.22/turn               (no ring)

@: no status effects
A: no striking features
a: Renounce Religion


You were in a volcano.
You worshipped Vehumet.
Vehumet was pleased with you.
You visited 3 branches of the dungeon, and saw 12 of its levels.
You also visited: Ossuary and Volcano.

You collected 461 gold pieces.

Inventory:

Hand Weapons
 f - a +0 arbalest
 x - a +2 dagger of venom
Armour
 a - the +5 leather armour "Dokehoffi" {rN+ Str-3 SInv}
   (You found it on level 2 of the Dungeon)

   Str:       It affects your strength (-3).
   rN:        It protects you from negative energy.
   SInv:      It lets you see invisible.
 c - a +0 hat (worn)
 m - the +9 ring mail of the Maze (worn) {rF+ Int+4}
   (You found it on level 3 of the Dungeon)

   Int:       It affects your intelligence (+4).
   rF:        It protects you from fire.
 o - an orb of light
 u - a +2 ring mail of cold resistance
Magical Staves
 t - a staff of conjuration (weapon)
Jewellery
 H - a ring of wizardry (left hand)
 I - a ring of ice
Wands
 b - a wand of polymorph (31)
 q - a wand of acid (3)
 y - a wand of flame (23)
 J - a wand of paralysis (7)
Scrolls
 g - 2 scrolls of identify
 i - 3 scrolls of immolation
 k - a scroll of amnesia
 l - 4 scrolls of enchant weapon
 n - 6 scrolls of teleportation
 r - 2 scrolls of vulnerability
 v - 2 scrolls of fog
 A - 2 scrolls of enchant armour
 G - 4 scrolls of noise
 K - a scroll of blinking
Potions
 d - 3 potions of magic
 e - a potion of lignification {unknown}
 h - a potion of cancellation {unknown}
 j - 2 potions of flight {unknown}
 p - 3 potions of heal wounds {unknown}
 s - 5 potions of curing
 w - a potion of ambrosia {unknown}
 z - a potion of haste {unknown}
 B - 2 potions of degeneration {unknown}
 C - 6 potions of attraction {unknown}
 D - 2 potions of berserk rage {unknown}
 E - 4 potions of brilliance {unknown}
 F - a potion of mutation {unknown}
 L - a potion of resistance {unknown}


   Skills:
 - Level 4.0 Fighting
 + Level 4.1 Armour
 - Level 3.0 Dodging
 - Level 3.0 Stealth
 * Level 14.6 Spellcasting
 + Level 8.5 Conjurations
 - Level 1.1 Summonings
 - Level 1.1 Translocations
 + Level 7.5 Fire Magic
 - Level 1.1 Air Magic
 - Level 2.1 Poison Magic
 - Level 2.0 Evocations


You had 18 spell levels left.
You knew the following spells:

 Your Spells              Type           Power      Damage    Failure   Level
a - Magic Dart            Conj           100%       1d8       1%          1
b - Mephitic Cloud        Conj/Pois/Air  59%        N/A       1%          3
c - Call Imp              Summ           26%        N/A       3%          2
d - Blink                 Tloc           52%        N/A       3%          2
e - Conjure Flame         Conj/Fire      78%        6-21      1%          3
f - Foxfire               Conj/Fire      100%       2x1d9     1%          1
g - Lightning Bolt        Conj/Air       31%        1d48      12%         5
h - Shock                 Conj/Air       100%       1d9       1%          1
i - Swiftness             Air            26%        N/A       6%          3

Your spell library contained the following spells:

 Spells                   Type           Power      Damage    Failure   Level
 Apportation              Tloc           52%        N/A       1%          1
 Sting                    Tmut/Pois      100%       1d8       1%          1
 Static Discharge         Conj/Air       63%        N/A       1%          2
 Inner Flame              Hex/Fire       41%        N/A       1%          3
 Poisonous Vapours        Pois/Air       58%        N/A       2%          2
 Slow                     Hex            80%        N/A       3%          1
 Corpse Rot               Necr/Air       46%        N/A       4%          2
 Ensorcelled Hibernation  Hex/Ice        40%        N/A       4%          2
 Passwall                 Tmut/Erth      16%        N/A       4%          2
 Iskenderun's Mystic Bla  Conj/Tloc      63%        2d13      4%          4
 Fulminant Prism          Conj/Hex       30%        3d16      5%          4
 Confusing Touch          Hex            20%        N/A       9%          3
 Vampiric Draining        Necr           20%        2d7       9%          3
 Olgreb's Toxic Radiance  Pois           32%        N/A       13%         4
 Airstrike                Air            13%        N/A       19%         4
 Animate Dead             Necr           10%        N/A       28%         4
 Cause Fear               Hex            10%        N/A       28%         4
 Alistair's Intoxication  Tmut/Pois      17%        N/A       45%         5
 Borgnjor's Vile Clutch   Necr/Erth      10%        N/A       61%         5
 Lee's Rapid Deconstruct  Erth           10%        3d9*      61%         5
 Death Channel            Necr           10%        N/A       98%         6
 Dragon Form              Tmut           10%        N/A       100%        7
 Discord                  Hex            10%        N/A       100%        8
 Maxwell's Capacitive Co  Air            13%        ∞         100%        8
 Dragon's Call            Summ           13%        N/A       100%        9


Dungeon Overview and Level Annotations

Branches:
Dungeon (10/15)            Temple (1/1) D:4            Lair (1/6) D:8
Ossuary (visited)         Volcano (1/1)
    Orc: D:9-12

Altars:
Ashenzari
Dithmenos
Elyvilon
Fedhas
Gozag
Hepliaklqana
Kikubaaqudgha
Makhleb
Nemelex Xobeh
Okawaru
Ru
Sif Muna
Trog
Vehumet
Wu Jian
Xom
Yredelemnul
Zin
The Shining One

Shops:
D:3 =[[   D:8 [(

Annotations:
D:10 Snorg


Message History

Aim: a salamander mystic, wielding a +0 rapier of flaming and wearing a +0 robe (lightly wounded, covered in acid)
The mass of ice explodes!
The iceblast engulfs the salamander mystic!
The salamander mystic is frozen!
The salamander mystic is moderately wounded.
Unknown command.
Aiming: Corrosive Bolt
Press: ? - help, Shift-Dir - straight line, f/p - salamander mystic
Aim: a salamander mystic, wielding a +0 rapier of flaming and wearing a +0 robe (moderately wounded, covered in acid, 83% to hit)
The bolt of acid hits the salamander mystic!
The salamander mystic is heavily wounded.
The salamander mystic gestures at you while chanting.
The bolt of magma hits you!! You partially resist.
* * * LOW HITPOINT WARNING * * *
Aiming: Iceblast
Press: ? - help, Shift-Dir - straight line, p - salamander mystic The mass of ice explodes!
The iceblast engulfs the salamander mystic!
The salamander mystic is frozen!
The salamander mystic is severely wounded.
The now-empty wand crumbles to dust.
The salamander mystic drinks a potion.
The salamander mystic flickers and vanishes!
Deactivating autopickup; reactivate with Ctrl-A.
Unknown command.
You don't have any such object.
Evoke which item? (* to show all) (? for menu, Esc to quit)
Okay, then.
Unknown command.
You don't have any such object.
Evoke which item? (* to show all) (? for menu, Esc to quit)
Okay, then.
Unknown command.
Aiming: Corrosive Bolt
Press: ? - help, Shift-Dir - straight line The bolt of acid hits something!!
Something seems to be corroded for longer.
Something hits you.
* * * LOW HITPOINT WARNING * * *
You are engulfed in flames!
You resist.
You die...

≈≈≈≈≈≈≈≈≈§.....# ##§..
≈≈≈≈≈§≈≈.....### #≈..§
.≈≈.≈.§........#####∩...
............###..##.∩...
#######N##### ###..##..#
##.##### #### ###
#)#∩#.# ###...#
##@{)..### #§§...≈..#
##≈≈.≈≈≈## ##≈≈§≈##
###§≈# #○## ###


There were no monsters in sight!

Vanquished Creatures
  2 two-headed ogres (D:10)
  2 salamanders (Volcano)
  An efreet (D:9)
  2 wyverns (D:8)
  12 yaks
  A wraith (D:9)
  2 basilisks (D:8)
  4 water moccasins
  Duvessa (D:6)
  3 orc warriors
  A black bear (D:5)
  2 sky beasts (D:5)
  3 ogres
  3 centaurs
  A phantom (D:5)
  5 bullfrogs
  A necrophage (D:7)
  A gnoll sergeant (D:9)
  5 water moccasin zombies (Ossuary)
  A scorpion (D:5)
  4 wights (D:6)
  Dowan (D:6)
  2 howler monkeys
  2 hounds
  2 jellies
  4 orc priests
  A gnoll shaman (D:5)
  Jessica (D:2)
  An iguana (D:7)
  13 orc wizards
  2 mummies (Ossuary)
  9 gnolls
  9 adders
  3 white imps
  2 ufetubi
  An adder zombie (Ossuary)
  3 worms
  2 dart slugs
  16 orcs
  7 bats
  7 endoplasms
  4 giant cockroaches
  A gnoll zombie (Ossuary)
  3 hobgoblins
  2 jackals (D:4)
  7 quokkas
  4 ball pythons
  5 frilled lizards
  7 goblins
  8 hobgoblin zombies (Ossuary)
  11 kobolds
  7 kobold zombies (Ossuary)
  6 orc zombies (Ossuary)
210 creatures vanquished.

Vanquished Creatures (collateral kills)
  An orc (D:4)
1 creature vanquished.

Vanquished Creatures (others)
  27 foxfires
27 creatures vanquished.

Grand Total: 238 creatures vanquished

Notes
Turn   | Place    | Note
-------+----------+-------------------------------------------
     0 | D:1      | pokeman the Deep Elf Hedge Wizard began the quest for the
                  | Orb.
     0 | D:1      | Reached XP level 1. HP: 10/10 MP: 7/7
   316 | D:1      | Reached XP level 2. HP: 16/16 MP: 9/9
   688 | D:1      | Found a faded altar of an unknown god.
   847 | D:2      | Reached skill level 5 in Spellcasting
  1013 | D:2      | Reached XP level 3. HP: 20/20 MP: 11/11
  1017 | D:2      | Learned a level 3 spell: Mephitic Cloud
  1020 | D:2      | Learned a level 2 spell: Call Imp
  1023 | D:2      | Learned a level 2 spell: Blink
  1027 | D:2      | Learned a level 3 spell: Conjure Flame
  1058 | D:2      | Identified the +5 leather armour "Dokehoffi" {rN+ Str-3
                  | SInv}
  1106 | D:2      | Noticed Jessica
  1114 | D:2      | Killed Jessica
  1115 | D:2      | Reached skill level 1 in Fighting
  1115 | D:2      | Reached skill level 1 in Armour
  1443 | D:2      | Reached XP level 4. HP: 25/25 MP: 10/13
  1715 | D:3      | Found a glowing silver altar of Zin.
  1756 | D:3      | Found Luparuv's Jewellery Emporium.
  1881 | D:3      | Reached skill level 1 in Fire Magic
  2129 | D:3      | Reached skill level 6 in Spellcasting
  2267 | D:3      | Found Zunif's Armour Emporium.
  2368 | D:3      | Found Gisaset's Distillery.
  2375 | D:3      | Identified the +9 ring mail of the Maze {rF+ Int+4}
  2474 | D:3      | Found Qagih's Antique Armour Shoppe.
  2527 | D:3      | Reached XP level 5. HP: 29/29 MP: 15/15
  2808 | D:4      | You fall into a shaft and drop 2 floors!
  2864 | D:6      | Reached skill level 1 in Air Magic
  2895 | D:6      | Noticed an ogre
  2925 | D:6      | Reached XP level 6. HP: 21/34 MP: 1/17
  2931 | D:6      | Reached skill level 7 in Spellcasting
  2931 | D:6      | Reached skill level 1 in Poison Magic
  2931 | D:6      | Reached skill level 1 in Evocations
  2947 | D:6      | HP: 1/34 [bullfrog (7)]
  3321 | D:5      | Entered Level 5 of the Dungeon
  3321 | D:5      | Noticed a water moccasin
  3326 | D:4      | Found a sand-covered staircase.
  3334 | Ossuary  | Entered an ossuary
  3561 | Ossuary  | Learned a level 1 spell: Shock
  3565 | Ossuary  | Learned a level 3 spell: Swiftness
  3575 | Ossuary  | Reached XP level 7. HP: 38/38 MP: 14/20
  3636 | Ossuary  | Reached skill level 8 in Spellcasting
  4214 | D:4      | Reached XP level 8. HP: 40/44 MP: 19/22
  4374 | D:4      | Reached skill level 9 in Spellcasting
  4513 | D:4      | Found a staircase to the Ecumenical Temple.
  4522 | Temple   | Entered the Ecumenical Temple
  4661 | Temple   | Became a worshipper of Vehumet
  5236 | D:5      | Reached skill level 5 in Conjurations
  5739 | D:5      | Reached skill level 10 in Spellcasting
  6302 | D:5      | HP: 2/44 [water moccasin (3)]
  6957 | D:5      | Reached XP level 9. HP: 48/48 MP: 19/25
  7302 | D:6      | Noticed Duvessa
  7306 | D:6      | Noticed Dowan
  7309 | D:6      | Killed Duvessa
  7310 | D:6      | Reached skill level 11 in Spellcasting
  7311 | D:6      | Killed Dowan
  7550 | D:6      | Reached * piety under Vehumet
  7550 | D:6      | Offered knowledge of Sandblast by Vehumet.
  7859 | D:7      | Reached skill level 5 in Fire Magic
  8037 | D:7      | Got the Disquisition on Aerial Companions
  8461 | D:8      | Found Goluack's Armour Boutique.
  8486 | D:8      | Found a staircase to the Lair.
  8506 | D:8      | Reached skill level 12 in Spellcasting
  8879 | D:8      | Reached XP level 10. HP: 44/56 MP: 28/28
  8952 | D:8      | Found Yton's Weapon Boutique.
  9749 | D:9      | Reached skill level 13 in Spellcasting
 10622 | D:10     | Entered Level 10 of the Dungeon
 10663 | D:10     | Noticed a two-headed ogre
 10692 | D:10     | Killed a two-headed ogre
 10692 | D:10     | Reached ** piety under Vehumet
 10911 | D:10     | Offered knowledge of Foxfire by Vehumet.
 10918 | D:10     | Reached skill level 14 in Spellcasting
 10977 | D:10     | Learned a level 1 spell: Foxfire
 11200 | D:10     | Noticed a two-headed ogre
 11213 | D:10     | Killed a two-headed ogre
 11255 | D:10     | Noticed Snorg
 11278 | D:10     | Noticed a red ugly thing
 11352 | Lair:1   | Entered Level 1 of the Lair of Beasts
 11412 | Lair:1   | Found a dark tunnel.
 11420 | Volcano  | Entered a volcano
 11427 | Volcano  | Learned a level 5 spell: Lightning Bolt
 11443 | Volcano  | Noticed a salamander
 11449 | Volcano  | Killed a salamander
 11450 | Volcano  | Reached XP level 11. HP: 52/61 MP: 13/31
 11512 | Volcano  | Noticed a salamander mystic
 11521 | Volcano  | Slain by a salamander mystic

Illustrated notes

Levels and vault maps discovered:
D:1:      scummos_arrival_star, layout_rooms,
          hellmonk_ecumenical_altar_inner_sanctum,
          chequers_serial_rivers_small_3
D:2:      layout_loops_ring, uniq_jessica
D:3:      layout_basic, mainiacjoe_overflow_tiny_flanked, serial_shops, shop,
          shop, nicolae_shop_crystal, nicolae_shop_statue_plus,
          hangedman_feature_mirror
D:4:      layout_basic, minmay_temple_entry_statues_fountains,
          nicolae_ossuary_entry_monument, grunt_tough_drop
D:5:      layout_gridville, abandoned_shop
D:6:      minmay_flawed_box, layout_cave_pools, minivault_24, uniq_duvessa
D:7:      layout_rooms
D:8:      layout_rooms, david_lair_generic, serial_shops, nicolae_shop_trees,
          nicolae_shop_bloodbath_and_beyond
D:9:      layout_basic
D:10:     layout_gridville, serial_shops, nicolae_shop_trees,
          nicolae_shop_overcharged_wands, uniq_erica, uniq_snorg
Temple:   mainiacjoe_temple_hex_bubbles
Lair:1:   dragon1_lemuel, layout_concentric_octagons,
          lightli_volcano_entry_magma_tube, grunt_megastairs_3,
          serial_bayou_shore_b
Volcano:  volcano_pools

Skill      XL: |  1  2  3  4  5  6  7  8  9 10 |
---------------+-------------------------------+-----
Spellcasting   | 5 6 7 8 10 12 14 | 14.6
Fighting       | 1 2 3 4 |  4.0
Armour         | 1 2 3 4 |  4.1
Conjurations   | 2 3 4 5 7 8 |  8.5
Fire Magic     | 1 2 4 5 7 |  7.5
Dodging        | 3 |  3.0
Stealth        | 3 |  3.0
Air Magic      | 1 |  1.1
Poison Magic   | 2 |  2.1
Evocations     | 2 |  2.0
Summonings     | |  1.1
Translocations | |  1.1

Action                   |  1- 3 |  4- 6 |  7- 9 | 10-12 || total
-------------------------+-------+-------+-------+-------++-------
 Fire: Arbalest          |    19 |    70 |   240 |   116 ||   445
 Cast: Magic Dart        |    47 |    36 |    61 |     1 ||   145
       Mephitic Cloud    |       |     5 |    24 |    14 ||    43
       Conjure Flame     |       |     3 |    23 |    16 ||    42
       Blink             |       |     3 |    12 |     3 ||    18
       Shock             |       |       |    19 |       ||    19
       Call Imp          |       |       |     4 |     1 ||     5
       Foxfire           |       |       |       |    16 ||    16
       Lightning Bolt    |       |       |       |     7 ||     7
Evoke: Wand              |       |       |     1 |     7 ||     8
  Use: Scroll            |       |       |       |     9 ||     9
Armor: Robe              |     5 |       |       |       ||     5
       Leather armour    |     8 |    31 |    72 |       ||   111
       Ring mail         |       |       |    32 |    21 ||    53
Dodge: Dodged            |    12 |    37 |   109 |    18 ||   176

Table legend: (Time is in decaauts)
 A = Elapsed time spent in this place.
 B = Non-inter-level travel time spent in this place.
 C = Inter-level travel time spent in this place.
 D = Time resting spent in this place.
 E = Time spent auto-exploring this place.
 F = Levels seen in this place.
 G = Mean time per level.
                   A        B        C        D        E       F      G
               +--------+--------+--------+--------+--------+-----+--------+
         Total |  11943 |  11444 |    499 |   1203 |   7891 |  14 |  853.1 |
       Dungeon |  11078 |  10606 |    472 |    936 |   7587 |  10 | 1107.8 |
        Temple |    167 |    140 |     27 |      0 |    134 |   1 |  167.0 |
          Lair |     67 |     67 |      0 |      0 |      0 |   1 |   67.0 |
       Ossuary |    529 |    529 |      0 |    215 |    170 |   1 |  529.0 |
       Volcano |    100 |    100 |      0 |     52 |      0 |   1 |  100.0 |
               +--------+--------+--------+--------+--------+-----+--------+

Top non-repeatable levels by time:
     D:5: 2385 daAuts
     D:9: 1481 daAuts
     D:6: 1188 daAuts
     D:3: 1078 daAuts
     D:4: 1025 daAuts
     D:2: 865 daAuts
     D:1: 848 daAuts
     D:7: 791 daAuts
    D:10: 715 daAuts
     D:8: 699 daAuts
 Ossuary: 529 daAuts
  Temple: 167 daAuts
 Volcano: 100 daAuts
  Lair:1: 67 daAuts
